 Dungeon Crawl Stone Soup version 0.26.0-20-g3ca415f5b8 (webtiles) character file.

Game seed: 11838233210745918753

2522 kaeus the Destroyer (level 9, 0/45 HPs)
             Began as a Gargoyle Fire Elementalist on Jan 24, 2021.
             Was a Follower of the Shining One.
             Slain by a wyvern (11 damage)
             ... on level 8 of the Dungeon.
             The game lasted 00:12:27 (11225 turns).

kaeus the Destroyer (Gargoyle Fire Elementalist)   Turns: 11225, Time: 00:12:28

Health: 0/45       AC: 14    Str: 17    XL:     9   Next: 54%
Magic:  12/17      EV: 11    Int: 18    God:    the Shining One [*.....]
Gold:   421        SH:  3    Dex: 10    Spells: 6/18 levels left

rFire    . . .     SeeInvis .   G - +7 mace of the Smoking Sybil {freeze, Str+4}
rCold    + . .     Faith    +   m - +0 buckler
rNeg     + . .     Spirit   .   a - +0 robe
rPois    ∞         Reflect  .   p - +0 helmet
rElec    +         Harm     .   l - +0 cloak
rCorr    .         Rampage  .   (no gloves)
Will     .....                  (no boots)
Stlth    +.........             o - amulet of faith
HPRegen  0.15/turn              i - +4 ring of protection
MPRegen  0.15/turn              h - ring of protection from cold

@: glowing
A: negative energy resistance 1, electricity resistance, unbreathing,
petrification resistance, miasma immunity, AC +6
a: Renounce Religion


You were on level 8 of the Dungeon.
You worshipped the Shining One.
The Shining One was aware of your devotion.
You visited 2 branches of the dungeon, and saw 9 of its levels.
You also visited: Ossuary.

You collected 421 gold pieces.

Inventory:

Hand Weapons
 y - the cursed +0 spear of the Unspeakable One {antimagic, rPois rF+++ Dex+6 Stlth-}
   (You found it on level 4 of the Dungeon)

   It reduces the magical energy of the wielder, and disrupts the spells and
   magical abilities of those hit.
   Natural abilities and divine invocations are not affected.
   It affects your dexterity (+6).
   It renders you almost immune to fire.
   It protects you from poison.
   It makes you less stealthy.
   It has a curse placed upon it.
 G - the +7 mace of the Smoking Sybil (weapon) {freeze, Str+4}
   (You found it on level 7 of the Dungeon)

   It has been specially enchanted to freeze those struck by it, causing extra
   injury to most foes and up to half again as much damage against particularly
   susceptible opponents.
   It can also slow down cold-blooded creatures.
   It affects your strength (+4).
Armour
 a - a +0 robe (worn)
 l - a +0 cloak (worn)
 m - a +0 buckler (worn)
 p - a +0 helmet (worn)
Jewellery
 h - a ring of protection from cold (right hand)
 i - a +4 ring of protection (left hand)
 n - an uncursed ring of flight
 o - an amulet of faith (around neck)
 q - an uncursed ring of protection from fire
 v - an uncursed ring of protection from cold
 B - an uncursed ring of stealth
Wands
 t - a wand of digging (4)
 D - a wand of acid (4)
 E - a wand of flame (60)
Scrolls
 c - 3 scrolls of blinking
 d - a scroll of noise
 e - 4 scrolls of teleportation
 g - 10 scrolls of identify
 x - 2 scrolls of fog
 z - a scroll of magic mapping
 C - a scroll of enchant weapon
 F - a scroll of summoning {unknown}
Potions
 b - 2 potions of haste
 f - 3 potions of brilliance
 j - 3 potions of flight
 r - a potion of lignification
 s - a potion of curing
 w - 2 potions of attraction
 A - a potion of degeneration


   Skills:
 - Level 1.5 Dodging
 - Level 2.1 Stealth
 + Level 5.4 Spellcasting
 * Level 8.8 Conjurations
 * Level 8.6 Fire Magic


You had 6 spell levels left.
You knew the following spells:

 Your Spells              Type           Power        Failure   Level
a - Foxfire               Conj/Fire      100%         1%          1
b - Sticky Flame          Conj/Fire      36%          6%          4
c - Fireball              Conj/Fire      18%          16%         5
d - Blink                 Tloc           N/A          32%         2

Your spell library contained the following spells:

 Spells                   Type           Power        Failure   Level
 Magic Dart               Conj           100%         1%          1
 Conjure Flame            Conj/Fire      36%          1%          3
 Inner Flame              Hex/Fire       20%          11%         3
 Mephitic Cloud           Conj/Pois/Air  15%          19%         3
 Animate Skeleton         Necr           8%           22%         1
 Pain                     Necr           16%          22%         1
 Call Imp                 Summ           4%           32%         2
 Slow                     Hex            4%           32%         2
 Vampiric Draining        Necr           2%           54%         3
 Animate Dead             Necr           2%           91%         4
 Agony                    Necr           4%           99%         5


Dungeon Overview and Level Annotations

Branches:
Dungeon (8/15)             Temple (1/1) D:6         Ossuary (visited)
   Lair: D:8-11

Altars:
Cheibriados
Dithmenos
Elyvilon
Gozag
Makhleb
Nemelex Xobeh
Ru
Sif Muna
Trog
Vehumet
Wu Jian
Xom
The Shining One

Annotations:
D:6 2 transporters, exclusion: statue, Calibrex's ghost, novice HOMo


Innate Abilities, Weirdness & Mutations

You are resistant to torment.
Your stone body is resilient. (AC +6)
You are immune to poison.
You resist negative energy. (rN+)
You are resistant to electric shocks. (rElec)
You can survive without breathing.
You are immune to petrification.
You are immune to miasma.


Message History

You take 6 damage, and have 24/45 hp.
The wyvern bites you but does no damage.
Casting: Foxfire (safe; 1% risk of failure)
Confirm with . or Enter, or press ? or * to list all spells.
You conjure some foxfire!
The wyvern barely misses you.
A komodo dragon comes into view.
You now have 11/17 mp.
Your foxfire dissipates!
The foxfire hits the wyvern but does no damage.
The wyvern barely misses you. The wyvern bites you!
You take 10 damage, and have 15/45 hp.
MASSIVE DAMAGE!!
The wyvern bites you!
* * * LOW HITPOINT WARNING * * *
You take 9 damage, and have 6/45 hp.
The sentinel's mark upon you fades away.
You feel better.
The wyvern bites you but does no damage.
The wyvern bites you!
You die...

###############
#.......<.....#
#.####........#
##.####.#.###..#
#####...........#..#
#Zl@...####.#.#.#..#
#.####.# #......[.. #.#
#.# #..##.##.# #####Y#
#.####.. #.....
#.....####...........<.#
#.####(()..).........#.#
#(#######.........# #.#
......#.# #l# ...... ..#


You could see a wyvern and a centaur zombie.

Vanquished Creatures
  2 water moccasins (D:5)
  2 ice beasts (D:7)
  An orc warrior (D:7)
  A sky beast (D:7)
  3 ogres
  A centaur (D:6)
  A phantom (D:4)
  A big kobold (D:8)
  3 bullfrogs
  A gnoll sergeant (D:6)
  A scorpion (D:7)
  4 wights (D:7)
  A howler monkey (D:4)
  A centaur zombie (D:5)
  3 orc priests
  A bullfrog zombie (D:7)
  A hound (D:5)
  4 orc wizards
  2 human zombies (Ossuary)
  An iguana (D:7)
  4 worker ants
  3 big kobold zombies (Ossuary)
  A hound zombie (D:6)
  2 mummies (Ossuary)
  Robin (D:2)
  12 gnolls
  6 adders
  2 shadow imps (D:5)
  An ufetubus (D:5)
  3 oozes
  2 adder zombies (Ossuary)
  3 worms
  A dart slug (D:2)
  4 leopard geckos
  29 orcs
  7 giant cockroaches
  18 goblins
  3 hobgoblins
  9 jackals
  3 quokkas
  4 ball pythons
  6 bats
  7 frilled lizards
  17 hobgoblin zombies (Ossuary)
  14 kobolds
  9 kobold zombies (Ossuary)
  3 orc zombies (Ossuary)
  7 rats
216 creatures vanquished.

Vanquished Creatures (collateral kills)
  24 foxfires
24 creatures vanquished.

Vanquished Creatures (others)
  A wizard (D:6)
  680 foxfires
  12 plants
693 creatures vanquished.

Grand Total: 933 creatures vanquished

Notes
Turn   | Place    | Note
-------+----------+-------------------------------------------
     0 | D:1      | kaeus the Gargoyle Fire Elementalist began the quest for
                  | the Orb.
     0 | D:1      | Reached XP level 1. HP: 10/10 MP: 3/3
   293 | D:1      | Reached XP level 2. HP: 15/15 MP: 1/5
   591 | D:1      | Reached XP level 3. HP: 9/19 MP: 1/6
  1475 | D:2      | Found a burning altar of Makhleb.
  2123 | D:2      | Found a sparkling altar of Nemelex Xobeh.
  2134 | D:2      | Found a sacrificial altar of Ru.
  2150 | D:2      | Found an opulent altar of Gozag.
  2181 | D:2      | Found an ornate altar of the Wu Jian Council.
  2291 | D:2      | Reached XP level 4. HP: 24/24 MP: 2/7
  2296 | D:2      | Noticed Robin
  2406 | D:2      | Killed Robin
  2684 | D:2      | Found a shimmering blue altar of Sif Muna.
  3268 | D:3      | Reached XP level 5. HP: 24/28 MP: 1/8
  4350 | D:3      | Reached XP level 6. HP: 32/32 MP: 2/10
  5087 | D:4      | Found a white marble altar of Elyvilon.
  5609 | D:4      | Noticed a phantom
  5634 | D:4      | Killed a phantom
  5635 | D:4      | Reached skill level 5 in Fire Magic
  5908 | D:4      | Reached XP level 7. HP: 36/36 MP: 6/12
  5913 | D:4      | Learned a level 4 spell: Sticky Flame
  5919 | D:4      | Learned a level 5 spell: Fireball
  5981 | D:4      | Got a crystal spear
  5982 | D:4      | Identified the cursed +0 spear of the Unspeakable One
                  | {antimagic, rPois rF+++ Dex+6 Stlth-} (You found it on
                  | level 4 of the Dungeon)
  6008 | D:5      | Entered Level 5 of the Dungeon
  6008 | D:5      | Found a transporter.
  6053 | D:5      | Found a sand-covered staircase.
  6059 | Ossuary  | Entered an ossuary
  6369 | Ossuary  | Reached skill level 5 in Conjurations
  8002 | D:5      | Reached XP level 8. HP: 41/41 MP: 10/14
  8293 | D:5      | Found a transporter.
  8621 | D:5      | Learned a level 2 spell: Blink
  8633 | D:6      | Found a staircase to the Ecumenical Temple.
  8686 | Temple   | Entered the Ecumenical Temple
  8692 | Temple   | Became a worshipper of the Shining One
  8723 | D:6      | Found a transporter.
  8725 | D:6      | Found a transporter.
  8725 | D:6      | Noticed Calibrex's ghost (novice HOMo)
  8764 | D:6      | Found a bloodstained altar of Trog.
  8776 | D:6      | Noticed a wizard
  8782 | D:6      | Killed a wizard
  8973 | D:6      | Found a radiant altar of Vehumet.
  9667 | D:7      | Reached XP level 9. HP: 45/45 MP: 8/16
  9809 | D:7      | Reached skill level 5 in Spellcasting
 10117 | D:7      | Reached * piety under the Shining One
 10313 | D:7      | Found a shadowy altar of Dithmenos.
 10468 | D:7      | Got a shimmering mace
 10483 | D:7      | Identified the +7 mace of the Smoking Sybil {freeze, Str+4}
                  | (You found it on level 7 of the Dungeon)
 11219 | D:8      | Noticed a komodo dragon
 11225 | D:8      | Slain by a wyvern

Illustrated notes

Levels and vault maps discovered:
D:1:      amcnicky_arrival_blooded_trapdoor, layout_loops_ring, minmay_quantized
D:2:      layout_rooms, lemuel_crystal_altar, nicolae_overflow_quartered_altars,
          lemuel_round_altar, serial_forest, infiniplex_forest_lined_room_2,
          infiniplex_forest_side_room, infiniplex_forest_lined_3_way,
          infiniplex_forest_clump_cross, infiniplex_forest_clump_small,
          infiniplex_forest_clump_double, infiniplex_forest_pool,
          infiniplex_forest_straight_1, infiniplex_forest_straight_2,
          serial_bayou_lake_a, uniq_robin
D:3:      layout_loops_ring
D:4:      minmay_octagon_keep, layout_rooms, elyvilon_altar_4
D:5:      gammafunk_wand_slinger, layout_cave_pools, nicolae_ossuary_entry_plus
D:6:      layout_loops_ring, vehumet_statue, minmay_temple_entry_stoned_glass,
          gammafunk_ghost_smash, trog_wizard
D:7:      layout_loops_ring, nicolae_dithmenos_the_darkroom
D:8:      layout_loops_ring, marbit_many_paths, david_lair_shrubbed
Temple:   eino_wide_crystal_templ

Skill      XL: |  1  2  3  4  5  6  7  8  9 |
---------------+----------------------------+-----
Conjurations   | 2 3 4 6 7 8 |  8.8
Fire Magic     | 4 5 6 7 8 |  8.6
Spellcasting   | 3 4 5 |  5.4
Dodging        | |  1.5
Stealth        | |  2.1

Action                   |  1- 3 |  4- 6 |  7- 9 || total
-------------------------+-------+-------+-------++-------
Melee: Unarmed           |     1 |       |       ||     1
       Club              |    11 |       |       ||    11
       Whip              |    22 |   101 |   242 ||   365
       Mace              |       |       |    16 ||    16
 Cast: Foxfire           |    83 |   141 |   269 ||   493
  Use: Scroll            |     6 |     2 |     4 ||    12
       Potion            |       |       |    13 ||    13
Armor: Robe              |    13 |    35 |   148 ||   196
       Skin              |       |       |    38 ||    38
Dodge: Dodged            |    18 |    55 |   171 ||   244
Block: Buckler           |     2 |    13 |    26 ||    41
